 Dungeon Crawl Stone Soup version 0.22-a0-448-g1fb7470 (webtiles) character file.

122 galech the Skirmisher (level 5, -9/55 HPs)
             Began as an Ogre Berserker on June 4, 2018.
             Was a Believer of Trog.
             Mangled by a worm (11 damage)
             ... on level 2 of the Dungeon.
             The game lasted 00:02:33 (1805 turns).

galech the Skirmisher (Ogre Berserker)              Turns: 1805, Time: 00:02:34

Health: -9/55      AC:  3    Str: 22    XL:     5   Next: 6%
Magic:  5/5        EV: 10    Int:  8    God:    Trog [**....]
Gold:   34         SH:  0    Dex:  8    Spells: 4/4 levels left

rFire    . . .     SeeInvis .   a - +0 mace
rCold    . . .     Gourm    .   (no shield)
rNeg     . . .     Faith    .   b - +0 animal skin
rPois    .         Spirit   .   (helmet restricted)
rElec    .         Reflect  .   (no cloak)
rCorr    .         Harm     .   (gloves unavailable)
MR       .....                  (boots unavailable)
Stlth    +.........             (no amulet)
HPRegen  0.18/turn              (no ring)
MPRegen  0.09/turn              (no ring)

@: berserk cooldown
A: large, unfitting armour, tough skin 1
a: Berserk, Trog's Hand, Renounce Religion


You were on level 2 of the Dungeon.
You worshipped Trog.
Trog was pleased with you.
You were not hungry.

You visited 1 branch of the dungeon, and saw 2 of its levels.

You collected 34 gold pieces.

Inventory:

Hand Weapons
 a - a +0 mace (weapon)
Armour
 b - a +0 animal skin (worn)
Scrolls
 d - 3 scrolls of identify {unknown}
 i - 2 scrolls of random uselessness {unknown}
 j - a scroll of blinking {unknown}
 l - a scroll of enchant armour {unknown}
Potions
 e - 3 potions of curing {unknown}
 f - a potion of lignification {unknown}
 g - a potion of mutation {unknown}
 k - 2 potions of ambrosia {unknown}
Comestibles
 c - a ration


   Skills:
 + Level 4.9 Fighting
 + Level 4.1 Maces & Flails
 + Level 3.3 Dodging
 + Level 0.3 Stealth


You had 4 spell levels left.
You didn't know any spells.
Your spell library was empty.

Dungeon Overview and Level Annotations

Branches:
Dungeon (2/15)

Altars:


Innate Abilities, Weirdness & Mutations

You are too large for most types of armour.
You have tough skin. (AC +1)


Message History

The goblin unwields an uncursed dagger.
The goblin wields an uncursed hunting sling.
The goblin shoots a stone.
The stone hits you. The goblin hits you with a dagger.
* * * LOW HITPOINT WARNING * * *
The goblin barely misses you.
The goblin shoots a stone.
The stone hits you.
* * * LOW HITPOINT WARNING * * *
You see here a stone.
You feel yourself speed up. The goblin hits you but does no damage.
You barely miss the goblin. The goblin barely misses you.
You barely miss the goblin. The goblin barely misses you.
You closely miss the goblin. The goblin hits you but does no damage.
The worm bites you!
* * * LOW HITPOINT WARNING * * *
You sock the goblin!
You kill the goblin!
Trog accepts your kill. The worm bites you!
You die...

#########.....#
#..............
#####.#######.###..
#.....#######......
#.##.>.............
#.##.:#####....#...
#......####.#(.####
######.#....#.....
#@wg......########
#)##.##.#....#
#.......#.#..#####
#####(###+#.......
#.......##....#...(.
#wg....##.....#.##..
....##. #...)......#
.## .. #....##.####
..g......##.#


You could see a worm and a goblin.

Vanquished Creatures
  A scorpion (D:2)
  An adder (D:2)
  2 oozes
  3 dart slugs
  2 leopard geckos (D:1)
  3 giant cockroaches (D:1)
  4 goblins
  4 hobgoblins
  4 jackals (D:1)
  5 kobolds
  6 bats
  A frilled lizard (D:1)
  9 rats
45 creatures vanquished.

Notes
Turn   | Place    | Note
-------+----------+-------------------------------------------
     0 | D:1      | galech the Ogre Berserker began the quest for the Orb.
     0 | D:1      | Reached XP level 1. HP: 24/24 MP: 1/1
    67 | D:1      | Reached XP level 2. HP: 27/32 MP: 2/2
   226 | D:1      | Reached XP level 3. HP: 20/40 MP: 3/3
   610 | D:1      | Reached ** piety under Trog
  1355 | D:2      | Reached XP level 4. HP: 45/49 MP: 4/4
  1772 | D:2      | Reached XP level 5. HP: 31/55 MP: 5/5
  1804 | D:2      | HP: 2/55 [worm (10)]
  1805 | D:2      | Mangled by a worm

Vault maps used:
D:1:      lemuel_arrival_funnel

Skill      XL: |  1  2  3  4 |
---------------+-------------+-----
Maces & Flails | 3 4 |  4.1
Dodging        | 3 |  3.3
Fighting       | |  4.9
Stealth        | |  0.3

Action                   |  1- 3 |  4- 6 || total
-------------------------+-------+-------++-------
Melee: Mace              |   106 |    37 ||   143
Invok: Berserk           |       |     1 ||     1
       Trog's Hand       |       |     1 ||     1
  Eat: Chunk             |     2 |       ||     2
       Ration            |       |     1 ||     1
Armor: Animal skin       |    41 |    10 ||    51
Dodge: Dodged            |    86 |    23 ||   109

Table legend:
 A = Spawn XP
 B = Non-spawn XP
 C = Spawn XP percentage of total XP
 D = Spawn monster count
 E = Non-spawn monster count
 F = Spawn count percentage of total count
 G = Total turns spent on level
                    A         B        C        D         E        F      G
               +---------+---------+-------+---------+---------+-------+---------
         Total |       0 |     175 |   0.0 |       0 |      45 |   0.0 |  1805
               +---------+---------+-------+---------+---------+-------+---------
           D:1 |       0 |      61 |   0.0 |       0 |      30 |   0.0 |   992
           D:2 |       0 |     114 |   0.0 |       0 |      15 |   0.0 |   813
               +---------+---------+-------+---------+---------+-------+---------
